Map: New Repugnancy LE

Players

HateMe

  • Race: Zerg Zerg
  • Spawn Location: 7:00

HeroMarine - Winner!

  • Race: Terran Terran
  • League: Master
  • Spawn Location: 1:00

Event: 2019 WCS Winter Europe

VOD

Have the link to the VOD?

Description

Time

  • Played on: Feb. 15, 2019, 11:48 a.m.
  • Length: 10:32

All games in this series

Show
View Real Time Build Order
Export as new Build Order

HateMe Zerg 

Build Orders: Hatch First 

Get SALT Encoding   

  12  0:02  Drone  
  13  0:12  Overlord  
  13  0:17  Drone  
  14  0:30  Drone x2  
  16  0:48  Hatchery  
  15  0:51  Drone  
  15  0:55  Drone  
  17  0:58  Drone  
  18  1:09  Extractor  
  17  1:14  Spawning Pool  
  17  1:17  Drone  
  17  1:20  Drone  
  18  1:27  Drone  
  19  1:38  Drone  
  20  1:54  Overlord  
  20  2:01  Queen x2  
  20  2:02  Zergling x4  
  26  2:12  Metabolic Boost  
  26  2:14  Drone x2  
  28  2:22  Drone  
  29  2:23  Drone  
  30  2:33  Overlord  
  30  2:36  Queen  
  32  2:52  Drone x3  
  32  2:55  Overlord  
  34  3:12  Overlord  
  34  3:13  Queen  
  34  3:14  Drone x5  
  40  3:21  Drone x2  
  42  3:28  Drone  
  42  3:31  Hatchery  
  42  3:36  Drone  
  42  3:37  Drone  
  42  3:41  Baneling Nest  
  43  3:44  Zergling x6  
  46  3:53  Zergling x4  
  48  4:00  Drone x4  
  51  4:05  Overlord  
  51  4:09  Lair  
  51  4:10  Queen  
  51  4:12  Drone  
  54  4:17  Overlord  
  54  4:20  Zergling x6  
  54  4:23  Zergling x2  
  58  4:26  Overlord  
  58  4:30  Drone x2  
  58  4:32  Drone  
  58  4:34  Drone  
  56  4:40  Drone  
  56  4:43  Drone x2  
  59  4:47  Drone x3  
  59  4:52  Drone  
  63  4:54  Overlord  
  63  4:57  Drone  
  64  5:07  Drone x3  
  66  5:12  Centrifical Hooks, Overlord  
  66  5:13  Drone x2  
  69  5:14  Drone  
  69  5:16  Drone  
  69  5:18  Drone  
  69  5:20  Drone  
  73  5:22  Drone  
  73  5:24  Overlord  
  73  5:25  Drone x4  
  73  5:28  Extractor  
  77  5:29  Extractor x2  
  77  5:30  Extractor  
  77  5:31  Extractor  
  77  5:32  Drone x2  
  75  5:36  Drone  
  75  5:37  Spore Crawler  
  75  5:39  Drone  
  75  5:40  Drone  
  77  5:45  Drone x2  
  77  5:46  Drone  
  77  5:47  Drone  
  81  5:50  Evolution Chamber  
  81  5:51  Evolution Chamber  
  81  5:52  Drone x4  
  83  5:59  Drone x4  
  87  6:06  Queen  
  89  6:15  Hatchery  
  86  6:19  Zerg Melee Weapons Level 1, Zerg Ground Armor Level 1  
  86  6:20  Drone x2  
  86  6:22  Overlord  
  86  6:23  Zergling x2  
  86  6:24  Zergling x2  
  86  6:25  Hydralisk Den  
  89  6:30  Overlord  
  89  6:31  Zergling x8  
  93  6:39  Baneling x7  
  91  6:41  Zergling x2  
  91  6:42  Zergling x8  
  92  6:50  Drone x5  
  92  6:52  Drone  
  98  6:54  Drone  
  98  6:58  Zergling x2  
  98  6:59  Zergling x6  
  103  7:12  Baneling x5  
  103  7:13  Hydralisk x2  
  103  7:14  Hydralisk x3  
  113  7:21  Grooved Spines  
  113  7:23  Hydralisk  
  113  7:24  Hydralisk x2  
  113  7:25  Hydralisk  
  113  7:27  Zergling x2  
  115  7:32  Zergling x10  
  119  7:40  Overlord x2  
  119  7:43  Drone x5  
  124  7:48  Overseer  
  124  7:53  Hydralisk, Infestation Pit, Overlord x2  
  125  8:08  Hydralisk x7  
  125  8:10  Overlord  
  125  8:12  Hydralisk  
  139  8:25  Zergling x8  
  140  8:32  Zergling x14  
  146  8:40  Zergling x2  
  146  8:41  Zergling x16  
  154  8:44  Baneling x7  
  154  8:45  Baneling  
  149  8:50  Zergling x8  
  143  8:56  Zergling x14  
  143  8:58  Zergling x2  
  143  8:59  Zergling x2  
  143  9:02  Zergling x4  
  146  9:07  Zergling x2  
  146  9:08  Zergling x4  
  124  9:13  Zergling x2  
  124  9:14  Hive  
  121  9:18  Zergling x4  
  122  9:25  Zergling x2  
  122  9:26  Baneling, Zergling x14  
  122  9:27  Baneling x9  
  128  9:32  Baneling x3  
  128  9:33  Zergling x6  
  128  9:38  Zergling x2  
  112  9:40  Zergling x2  
  112  9:43  Zergling x2  
  112  9:44  Zergling x2  
  97  9:46  Zergling x8  
  97  9:50  Zergling x6  
  97  9:52  Zergling x4  
  94  9:54  Swarm Host, Zergling x2  
  94  9:55  Zergling x4  
  94  10:00  Zergling x2  
  94  10:03  Baneling x4  
  94  10:04  Baneling x5  
  89  10:11  Zergling x6  
  89  10:13  Zergling x2  
Show
View Real Time Build Order
Export as new Build Order

HeroMarine Terran - Winner!

Build Orders: Gas First Reaper Expand, Liberator Opening 

Get SALT Encoding   

  12  0:00  SCV  
  13  0:12  SCV  
  14  0:17  Supply Depot  
  14  0:25  SCV  
  15  0:30  Refinery  
  15  0:38  SCV  
  16  0:44  Barracks  
  16  0:51  SCV  
  17  1:03  SCV  
  18  1:15  SCV  
  19  1:31  Reaper, Orbital Command  
  20  1:44  Command Center  
  20  1:53  Factory  
  20  1:57  SCV  
  21  2:07  Barracks Reactor  
  21  2:10  SCV  
  21  2:14  Supply Depot  
  22  2:16  Refinery  
  22  2:22  SCV  
  23  2:35  SCV  
  24  2:44  Starport  
  24  2:47  SCV  
  25  2:52  Hellion x2  
  25  2:56  Marine  
  30  3:00  Orbital Command  
  30  3:04  SCV  
  31  3:16  SCV  
  34  3:20  Hellion x2  
  34  3:25  Medivac  
  38  3:28  SCV x2  
  40  3:37  Barracks Tech Lab  
  40  3:40  SCV x2  
  42  3:42  Supply Depot  
  42  3:46  Liberator  
  42  3:52  SCV x2  
  44  3:57  Stimpack  
  44  4:04  SCV x2  
  44  4:08  Hellion x2, Supply Depot  
  44  4:09  Marine  
  53  4:16  SCV  
  54  4:29  SCV x2, Marine  
  51  4:39  Command Center  
  51  4:42  SCV x2  
  57  4:47  Marine  
  54  4:54  SCV x2, Starport Reactor  
  54  4:57  Barracks  
  54  4:58  Factory Tech Lab  
  56  5:01  Engineering Bay, Barracks  
  56  5:02  Engineering Bay  
  56  5:05  Marine  
  56  5:06  SCV x2  
  59  5:14  Supply Depot  
  59  5:18  SCV x2  
  61  5:23  Marine  
  61  5:26  Refinery x2  
  61  5:28  Terran Infantry Weapons Level 1  
  62  5:29  Terran Infantry Armor Level 1  
  62  5:36  SCV x2, Siege Tank  
  62  5:37  Starport Reactor  
  62  5:41  Marine  
  68  5:48  SCV x2  
  70  5:51  Marine x2  
  70  5:52  Orbital Command  
  70  5:53  Barracks  
  70  5:54  Barracks  
  72  5:59  Supply Depot, Marine x2  
  72  6:00  SCV x2, Marine  
  72  6:01  Combat Shield  
  77  6:08  Marine x2  
  79  6:12  SCV x2, Siege Tank  
  79  6:17  Marine  
  85  6:21  Medivac x2, Marine  
  85  6:22  Orbital Command  
  90  6:25  Armory, SCV  
  90  6:27  SCV, Supply Depot  
  92  6:38  SCV, Marine  
  94  6:41  SCV, Supply Depot x2  
  95  6:50  SCV x2  
  95  6:51  Medivac x2  
  95  6:53  SCV  
  95  6:54  Barracks Reactor x2  
  97  6:58  Marine  
  97  6:59  Marine  
  99  7:02  SCV x2  
  99  7:05  SCV  
  99  7:06  Refinery  
  99  7:07  Refinery, Marine x3  
  105  7:16  SCV x2, Marine x2, Supply Depot  
  105  7:17  SCV  
  105  7:20  Siege Tank  
  113  7:24  Factory  
  113  7:25  Marine x3  
  113  7:31  Marine x2  
  113  7:33  Terran Infantry Weapons Level 2  
  113  7:34  Marine x2  
  113  7:36  SCV x2  
  119  7:38  SCV  
  119  7:39  Marine x2  
  119  7:41  Supply Depot  
  122  7:44  Marine x3  
  122  7:47  Terran Infantry Armor Level 2  
  122  7:48  Terran Vehicle And Ship Armor Level 1  
  126  7:54  Marine x3  
  126  7:56  Supply Depot  
  126  7:57  Marine x3  
  131  8:03  Marine x3  
  134  8:08  Siege Tank  
  134  8:09  Factory Tech Lab  
  134  8:11  Supply Depot  
  134  8:12  Marine x3  
  139  8:14  Marine  
  139  8:17  Marine x2  
  139  8:19  Supply Depot  
  137  8:27  Siege Tank  
  137  8:28  Marine x2  
  137  8:29  Medivac, Marine  
  137  8:30  Medivac, Marine x2  
  137  8:32  Marine x2  
  151  8:37  Marine x2  
  152  8:42  Command Center  
  152  8:43  Siege Tank  
  152  8:46  Marine x2  
  152  8:47  Marine x2  
  156  8:48  Marine  
  156  8:50  Marine  
  156  8:51  Marine  
  156  8:55  Marine x2  
  154  8:59  Siege Tank  
  152  9:04  Marine x2  
  152  9:05  Marine x2  
  152  9:06  Marine  
  152  9:08  Marine  
  152  9:09  Marine  
  148  9:11  Medivac x2  
  148  9:13  Marine x2  
  148  9:15  Siege Tank  
  144  9:22  Marine x2  
  144  9:23  Marine  
  147  9:24  Marine x2  
  147  9:26  Marine  
  147  9:27  Marine  
  147  9:31  Siege Tank, Marine x2  
  154  9:40  Marine x2  
  154  9:41  Marine  
  154  9:42  Marine x2  
  154  9:43  SCV x2  
  154  9:44  SCV, Marine  
  154  9:45  Marine  
  138  9:47  Siege Tank  
  138  9:49  Marine x2  
  136  9:56  Medivac x2  
  136  9:57  Marine  
  136  9:58  Marine x2  
  138  10:00  Marine x2  
  138  10:01  Marine  
  138  10:03  Marine  
  138  10:06  Marine x2  
  146  10:12  Barracks x3  
Tags
 
Add a new tag
Caveats
  • Supply blocks, unpowered buildings, or Contaminate may cause inaccurate times.
  • Supply counts are checked every 10 seconds.